[Event "November 21 Late 2023"]
[Site "https://www.chess.com"]
[Date "2023.11.21"]
[Round "11"]
[White "Gubajdullin, Alexei"]
[Black "Troff, Kayden"]
[Result "1-0"]
[Board "23"]
[TimeControl "180+1"]
[WhiteFideId "4141202"]
[BlackFideId "2047896"]
[WhiteElo "2280"]
[BlackElo "2544"]
[WhiteTeam "RUS"]
[BlackTeam "USA"]
[WhiteClock "0:00:25"]
[BlackClock "0:00:03"]

1. d4 Nf6 2. Nf3 g6 3. Bf4 Bg7 4. e3 O-O 5. Be2 d6 6. O-O Nc6 7. h3 Nd7 8. Bh2 e5 9. c4 exd4 10. exd4 Qf6 11. Nc3 Nxd4 12. Nxd4 Qxd4 13. Nd5 Qxd1 14. Rfxd1 Be5 15. Nxc7 Rb8 16. Rab1 Nb6 17. Bxe5 dxe5 18. c5 Na4 19. Rbc1 b6 20. c6 Nxb2 21. Rd2 Na4 22. Nb5 Nc5 23. Nxa7 Bf5 24. c7 Rb7 25. Nb5 Rc8 26. Rd8+ Kg7 27. Rxc8 Bxc8 28. Bc4 Kf6 29. Bd5 Ke7 30. Bxb7 Bxb7 31. Rd1 Ne6 32. Nd6 Nxc7 33. Nxb7 Nb5 34. Rb1 Nc3 35. Rxb6 Nxa2 36. Rc6 Nb4 37. Rc7+ Ke6 38. Nd8+ Kd6 39. Rxf7 h5 40. Rg7 Nd3 41. Rxg6+ Ke7 42. Nc6+ Kf7 43. Rh6 e4 44. Rxh5 Kf6 45. Ra5 Nf4 46. h4 Ne2+ 47. Kf1 Nf4 48. h5 Kg7 49. Re5 Kf6 50. Rxe4 Nxh5 51. g4 Ng7 52. f4 Kf7 53. Ne5+ Ke6 54. Nf3+ Kf6 55. Nd4 Kf7 56. f5 Kf6 57. Kf2 Kg5 58. Kg3 Kf6 59. Kf4 Kf7 60. g5 Nh5+ 61. Ke5 Ng7 62. Rh4 Ne8 63. g6+ Kg8 64. f6 Ng7 65. f7+ 1-0

[Event "November 21 Late 2023"]
[Site "https://www.chess.com"]
[Date "2023.11.21"]
[Round "11"]
[White "Skvortsov, Andrei"]
[Black "Fiorito, Francisco"]
[Result "1-0"]
[Board "24"]
[TimeControl "180+1"]
[WhiteFideId "24108600"]
[BlackFideId "180165"]
[WhiteElo "2357"]
[BlackElo "2318"]
[WhiteTeam "MNE"]
[BlackTeam "ARG"]
[WhiteClock "0:01:26"]
[BlackClock "0:00:59"]

1. d4 Nf6 2. Nf3 b6 3. c4 Bb7 4. Nc3 e6 5. a3 d5 6. e3 Be7 7. Qc2 O-O 8. cxd5 Nxd5 9. e4 Nxc3 10. bxc3 c5 11. Bd3 cxd4 12. cxd4 h6 13. Bb2 Nc6 14. Rd1 Rc8 15. Qd2 Na5 16. Qe2 Qd7 17. O-O Qa4 18. Ne5 Qb3 19. d5 Bxa3 20. Bxa3 Qxa3 21. dxe6 fxe6 22. Ng6 Rf6 23. e5 Rf7 24. Qg4 Bd5 25. Nf4 Rxf4 26. Qxf4 Rf8 27. Qg3 Nc6 28. Bh7+ Kxh7 29. Qxa3 Rd8 30. Qc3 Na5 31. Qc7 Rf8 32. Qxa7 Nc4 33. Qe7 Rf5 34. Rxd5 exd5 35. e6 Nd2 36. Qf7 Re5 37. e7 Re1 38. Rxe1 1-0

[Event "November 21 Late 2023"]
[Site "https://www.chess.com"]
[Date "2023.11.21"]
[Round "11"]
[White "Hambleton, Aman"]
[Black "Vlassov, Nikolai"]
[Result "1/2-1/2"]
[Board "25"]
[TimeControl "180+1"]
[WhiteFideId "2606577"]
[BlackFideId "4103360"]
[WhiteElo "2511"]
[BlackElo "2324"]
[WhiteTeam "CAN"]
[BlackTeam "FID"]
[WhiteClock "0:00:02"]
[BlackClock "0:00:12"]

1. d4 Nf6 2. c4 Nc6 3. Nf3 e6 4. a3 g6 5. b4 Bg7 6. Bb2 O-O 7. e3 d5 8. c5 Ne4 9. Nc3 f5 10. Qc2 g5 11. Bd3 g4 12. Ng1 e5 13. dxe5 Nxe5 14. Nge2 Qh4 15. Nf4 c6 16. g3 Nf3+ 17. Kf1 Qh6 18. Nce2 Ne5 19. Kg2 Bd7 20. Rad1 Rae8 21. h3 Qg5 22. hxg4 Nxg4 23. Bxg7 Qxg7 24. Bxe4 fxe4 25. Rh4 Ne5 26. Rdh1 Bg4 27. Nd4 Bf3+ 28. Nxf3 Nxf3 29. Rh5 Re5 30. Kf1 Rxf4 31. Rxe5 Qxe5 32. gxf4 Qa1+ 33. Kg2 Qg7+ 34. Kf1 Qa1+ 35. Kg2 Qg7+ 36. Kf1 Qa1+ 1/2-1/2

[Event "November 21 Late 2023"]
[Site "https://www.chess.com"]
[Date "2023.11.21"]
[Round "11"]
[White "Bjelobrk, Igor"]
[Black "Sturt, Raven"]
[Result "0-1"]
[Board "26"]
[TimeControl "180+1"]
[WhiteFideId "4300726"]
[BlackFideId "2007304"]
[WhiteElo "2319"]
[BlackElo "2408"]
[WhiteTeam "AUS"]
[BlackTeam "USA"]
[WhiteClock "0:00:35"]
[BlackClock "0:00:53"]

1. d4 f5 2. Nc3 Nf6 3. Bg5 d5 4. Bxf6 exf6 5. e3 Be6 6. Bd3 Qd7 7. Nge2 Nc6 8. a3 g6 9. b3 O-O-O 10. Na4 Kb8 11. c4 g5 12. Nec3 f4 13. O-O dxc4 14. Bxc4 Bg4 15. Be2 h5 16. Ne4 Qf5 17. Nac3 Bxe2 18. Qxe2 g4 19. Kh1 f3 20. gxf3 gxf3 21. Qb5 Qh3 22. Rg1 h4 23. Nxf6 Bd6 24. Ng4 Rhg8 25. Ne5 Bxe5 26. dxe5 Rg2 27. Rxg2 Qxg2# 0-1

[Event "November 21 Late 2023"]
[Site "https://www.chess.com"]
[Date "2023.11.21"]
[Round "11"]
[White "Della Morte, German"]
[Black "BardArtem"]
[Result "0-1"]
[Board "27"]
[TimeControl "180+1"]
[WhiteFideId "113522"]
[WhiteElo "2306"]
[BlackElo "2771"]
[WhiteTeam "ARG"]
[WhiteClock "0:01:26"]
[BlackClock "0:01:21"]

1. e4 e5 2. Nf3 Nc6 3. Bb5 Nge7 4. O-O Ng6 5. d4 exd4 6. Nxd4 Bc5 7. Be3 Bb6 8. Nc3 O-O 9. Ba4 Re8 10. Re1 Nxd4 11. Bxd4 Qg5 12. Be3 Bxe3 13. Rxe3 c6 14. Rg3 Qe7 15. Qh5 d6 16. Rf1 Qe5 17. Rg5 Qf6 18. Nd5 cxd5 19. Bxe8 Nf4 20. Bxf7+ Qxf7 21. Qxf7+ Kxf7 22. exd5 h6 23. Rg3 Ne2+ 24. Kh1 Nxg3+ 25. fxg3+ Kg8 26. Re1 Bd7 27. Re7 Re8 28. Rxe8+ Bxe8 29. Kg1 Bf7 30. c4 b5 31. b3 bxc4 32. bxc4 Bg6 33. Kf2 Bd3 34. c5 dxc5 35. Ke3 Bc4 36. d6 Kf7 37. Ke4 Ke6 38. a4 Kxd6 39. a5 a6 0-1

[Event "November 21 Late 2023"]
[Site "https://www.chess.com"]
[Date "2023.11.21"]
[Round "11"]
[White "TheKnightOfBosnia"]
[Black "Khater, Sherif"]
[Result "1/2-1/2"]
[Board "28"]
[TimeControl "180+1"]
[BlackFideId "2034280"]
[WhiteElo "2626"]
[BlackElo "2531"]
[BlackTeam "USA"]
[WhiteClock "0:00:23"]
[BlackClock "0:00:18"]

1. e4 a6 2. Nf3 c6 3. d4 d5 4. e5 Bf5 5. Bg5 Nd7 6. Be2 h6 7. Be3 e6 8. O-O Bh7 9. a4 Ne7 10. b4 Nf5 11. Bd2 Be7 12. c3 O-O 13. Na3 b5 14. Nc2 Nb6 15. a5 Nc4 16. Ne3 Qd7 17. Re1 Kh8 18. Nf1 Nh4 19. Nxh4 Bxh4 20. g3 Be7 21. f4 f6 22. Ne3 fxe5 23. fxe5 Rf7 24. Rf1 Raf8 25. Bh5 Rxf1+ 26. Nxf1 Be4 27. Qe2 Qd8 28. Re1 Bg5 29. Bg4 Nxd2 30. Nxd2 Bxd2 31. Qxd2 Qe8 32. Rf1 Rxf1+ 33. Kxf1 Qg6 34. Qf4 h5 35. Be2 Bd3 36. Qd2 Qf5+ 37. Ke1 Bxe2 38. Qxe2 g6 39. Kd2 Qb1 40. Ke3 Qc1+ 41. Qd2 Qh1 42. Qf2 Qe4+ 43. Kd2 Kg8 44. Qf6 Qg4 45. Ke3 Qe4+ 46. Kd2 Qg2+ 47. Ke3 Qg1+ 48. Kf4 Qc1+ 49. Kf3 Qxc3+ 50. Kg2 Qc2+ 51. Kg1 Qf5 52. Qd8+ Kg7 53. Qd7+ Qf7 54. Qxc6 Qf5 55. Qc3 Qb1+ 56. Kg2 Qe4+ 57. Kf2 Kh6 58. Qe3+ Qxe3+ 59. Kxe3 Kg5 60. Kf3 Kf5 61. h3 g5 62. g4+ Kg6 63. Kg3 Kh6 64. Kf3 Kg6 65. Kg3 h4+ 66. Kf3 Kf7 67. Ke3 Ke7 68. Kf3 Kd7 69. Ke3 Kc6 70. Kf3 Kb7 71. Ke3 Kc7 72. Kf3 Kd8 73. Ke3 Ke8 74. Kf3 Kf8 75. Ke3 Kg8 76. Kf3 Kg7 77. Ke3 Kh6 78. Kf3 Kg7 79. Ke3 Kg6 80. Kf3 Kg7 1/2-1/2

[Event "November 21 Late 2023"]
[Site "https://www.chess.com"]
[Date "2023.11.21"]
[Round "11"]
[White "Bilan, Danila"]
[Black "Olsen, Filip Boe"]
[Result "1-0"]
[Board "29"]
[TimeControl "180+1"]
[WhiteFideId "24161918"]
[BlackFideId "1440640"]
[WhiteElo "2146"]
[BlackElo "2322"]
[WhiteTeam "RUS"]
[BlackTeam "DEN"]
[WhiteClock "0:00:05"]
[BlackClock "0:01:19"]

1. d4 d5 2. Nf3 Nf6 3. c4 c6 4. Nc3 e6 5. Bg5 Be7 6. e3 O-O 7. Bd3 Nbd7 8. O-O dxc4 9. Bxc4 b5 10. Bd3 h6 11. Bh4 Bb7 12. Rc1 a6 13. Bb1 c5 14. Ne5 cxd4 15. exd4 Nxe5 16. dxe5 Nd5 17. Bxe7 Qxe7 18. Ne4 Rac8 19. Qd4 Nf4 20. Qe3 Qh4 21. g3 Nh3+ 22. Kg2 Qh5 23. f3 Ng5 24. Nxg5 hxg5 25. Rxc8 Rxc8 26. Be4 g4 27. Bxb7 Rc2+ 28. Rf2 Qh3+ 29. Kg1 Rc7 30. Be4 gxf3 31. Bxf3 Qf5 32. Bg2 Qb1+ 33. Bf1 Qxa2 34. Qb6 Rc8 35. Qb7 Rf8 36. Kg2 Qd5+ 37. Qxd5 exd5 38. Rd2 Rd8 39. Kf3 Kf8 40. Kf4 Ke7 41. Bg2 d4 42. Be4 a5 43. Bd3 a4 44. Bxb5 Rb8 45. Bxa4 d3 46. Bc6 Rb4+ 47. Be4 f6 48. exf6+ Kxf6 49. h4 Rb5 50. g4 g5+ 51. hxg5+ Rxg5 52. Rxd3 Rb5 53. Rd6+ Kg7 54. Rd2 Kf7 55. g5 Rc5 56. b4 Rb5 57. Rd4 Kg7 58. Rd7+ Kf8 59. g6 1-0

[Event "November 21 Late 2023"]
[Site "https://www.chess.com"]
[Date "2023.11.21"]
[Round "11"]
[White "Banzea, Alexandru-Bogdan"]
[Black "Nikologorsky, Matfei"]
[Result "1-0"]
[Board "30"]
[TimeControl "180+1"]
[WhiteFideId "1232622"]
[BlackFideId "24102474"]
[WhiteElo "2294"]
[BlackElo "2153"]
[WhiteTeam "ROU"]
[BlackTeam "FID"]
[WhiteClock "0:00:39"]
[BlackClock "0:00:00"]

1. d4 Nf6 2. Nc3 d5 3. Bf4 a6 4. e3 Bf5 5. f3 h5 6. Bd3 Bxd3 7. Qxd3 e6 8. Nge2 c5 9. e4 cxd4 10. Nxd4 dxe4 11. fxe4 Bc5 12. Nb3 Qxd3 13. cxd3 Ba7 14. Na5 Nc6 15. Nxb7 Nd4 16. Nd6+ Ke7 17. Rc1 Ng4 18. Nc4 Rhd8 19. h3 Nf6 20. Bg5 e5 21. Nxe5 Ke6 22. Nc4 Rab8 23. Rf1 Nc6 24. Bxf6 gxf6 25. Nd5 f5 26. Rxf5 Bd4 27. Nce3 Ne5 28. Rf6+ Kd7 29. Rc7+ Ke8 30. Nf5 Nxd3+ 31. Ke2 Bxf6 32. Nxf6+ Kf8 33. Nh6 Ne5 34. b3 Rb6 35. Nxf7 Nxf7 36. Nd7+ Rxd7 37. Rxd7 Rc6 38. Rd5 1-0

[Event "November 21 Late 2023"]
[Site "https://www.chess.com"]
[Date "2023.11.21"]
[Round "11"]
[White "Manukyan, Sargis A."]
[Black "Mazurkiewicz, Michal"]
[Result "1-0"]
[Board "31"]
[TimeControl "180+1"]
[WhiteFideId "13303970"]
[BlackFideId "1124943"]
[WhiteElo "2204"]
[BlackElo "2124"]
[WhiteTeam "ARM"]
[BlackTeam "POL"]
[WhiteClock "0:02:20"]
[BlackClock "0:00:20"]

1. d4 Nf6 2. c4 e5 3. dxe5 Ng4 4. Nf3 Bc5 5. e3 Nc6 6. Be2 O-O 7. O-O Re8 8. Nc3 a5 9. b3 Ncxe5 10. Nxe5 Nxe5 11. Bb2 Ra6 12. Ne4 Ba7 13. c5 Rh6 14. f4 Qh4 15. h3 Ng6 16. Qd4 f6 17. Bc4+ Kh8 18. Nxf6 Bxc5 19. Qxc5 gxf6 20. Qg5 Rf8 21. g3 Qxg5 22. fxg5 Rxh3 23. Rxf6 Kg7 24. Rf7+ Kg8 25. Rg7+ Kh8 26. Rg8# 1-0

[Event "November 21 Late 2023"]
[Site "https://www.chess.com"]
[Date "2023.11.21"]
[Round "11"]
[White "Statham_l3"]
[Black "BM223344"]
[Result "1-0"]
[Board "32"]
[TimeControl "180+1"]
[WhiteElo "2599"]
[BlackElo "2498"]
[WhiteClock "0:00:08"]
[BlackClock "0:02:02"]

1. e4 e6 2. d4 d5 3. Nc3 Nf6 4. e5 Nfd7 5. f4 c5 6. Nf3 Nc6 7. Be3 a6 8. Qd2 b5 9. dxc5 Bxc5 10. O-O-O Qb6 11. Bxc5 Nxc5 12. Nd4 Ne4 13. Nxe4 dxe4 14. Nxc6 O-O 15. Ne7+ Kh8 16. Nxc8 Rfxc8 17. Kb1 Rd8 18. Qe1 Rxd1+ 19. Qxd1 Qe3 20. g3 g6 21. Bg2 Rc8 22. Re1 Qf2 23. Qe2 Qd4 24. Bxe4 Rd8 25. Bd3 Kg7 26. h4 h5 27. Qe4 Qf2 28. Qe3 Qh2 29. a3 a5 30. Qb6 Rd5 31. Qe3 b4 32. axb4 axb4 33. Qg1 Qh3 34. Qf2 b3 35. Be4 bxc2+ 36. Kxc2 Rd7 37. Rh1 Qg4 38. Qf3 Rc7+ 39. Kd2 Rd7+ 40. Kc3 Rc7+ 41. Kd4 Qxf3 42. Bxf3 Rc2 43. b4 Rb2 44. Kc5 Rb3 45. Rf1 f6 46. b5 fxe5 47. fxe5 Re3 48. Kd6 Rb3 49. Bc6 Rxg3 50. Kxe6 Rg4 51. b6 Rxh4 52. b7 Rb4 53. Rf7+ Kh6 54. Rf6 Kg5 55. Rf3 h4 56. Kd6 Kg4 57. Re3 h3 58. Re4+ Rxe4 59. Bxe4 Kf4 60. b8=Q Kxe4 61. Qb7+ Kf4 62. Qh1 Kg3 63. e6 g5 64. e7 g4 65. e8=Q Kf2 66. Qee1# 1-0

[Event "November 21 Late 2023"]
[Site "https://www.chess.com"]
[Date "2023.11.21"]
[Round "11"]
[White "Leiva, Gianmarco"]
[Black "Lebedev, Artem S."]
[Result "1-0"]
[Board "33"]
[TimeControl "180+1"]
[WhiteFideId "3804399"]
[BlackFideId "34272747"]
[WhiteElo "2335"]
[BlackElo "1952"]
[WhiteTeam "PER"]
[BlackTeam "RUS"]
[WhiteClock "0:00:25"]
[BlackClock "0:00:00"]

1. e4 e5 2. Nf3 Nc6 3. Bc4 Bc5 4. d3 Nf6 5. O-O d6 6. c3 a6 7. Bb3 Ba7 8. Re1 h6 9. Nbd2 O-O 10. Nf1 Be6 11. Bxe6 fxe6 12. Be3 Bxe3 13. Rxe3 d5 14. exd5 Nxd5 15. Re4 Nf4 16. d4 exd4 17. Nxd4 Nxd4 18. Rxd4 Qf6 19. Qf3 Nh3+ 20. Kh1 Nxf2+ 21. Kg1 Nh3+ 22. Kh1 Qxf3 23. gxf3 Rxf3 24. Re1 Raf8 25. Kg2 Ng5 26. Rd2 e5 27. Ng3 e4 28. Nxe4 Nxe4 29. Rxe4 R3f6 30. Rg4 R8f7 31. a4 Kh7 32. a5 Rf5 33. b4 Rf3 34. Rc4 R3f5 35. Rg4 h5 36. Rg3 h4 37. Rg4 g5 38. Rgd4 Kg6 39. Rd7 g4 40. Rxf7 Rxf7 41. Rd5 h3+ 42. Kg3 Rf3+ 43. Kxg4 Rxc3 44. Rc5 Rxc5 45. bxc5 Kf6 46. Kxh3 Ke5 47. Kg4 Kd5 48. h4 Kxc5 49. h5 1-0

[Event "November 21 Late 2023"]
[Site "https://www.chess.com"]
[Date "2023.11.21"]
[Round "11"]
[White "jactorres"]
[Black "Van Dael, Siem"]
[Result "0-1"]
[Board "35"]
[TimeControl "180+1"]
[BlackFideId "1049771"]
[WhiteElo "2464"]
[BlackElo "2252"]
[BlackTeam "NED"]
[WhiteClock "0:00:46"]
[BlackClock "0:01:06"]

1. e4 c5 2. Nf3 d6 3. d4 cxd4 4. Nxd4 Nf6 5. Nc3 a6 6. Be2 g6 7. h4 h5 8. Bg5 Bg7 9. Qd2 Nc6 10. Nb3 Be6 11. O-O-O Rc8 12. Kb1 b5 13. f3 Ne5 14. Nd5 Nxd5 15. exd5 Bf5 16. Nd4 Qd7 17. Rhe1 O-O 18. f4 Nc4 19. Bxc4 Rxc4 20. Nxf5 Qxf5 21. Bxe7 Rfc8 22. Rc1 Rd4 23. Qa5 Qxd5 24. f5 Ra4 25. c4 Qd3+ 0-1

[Event "November 21 Late 2023"]
[Site "https://www.chess.com"]
[Date "2023.11.21"]
[Round "11"]
[White "Pinheiro, Iung Alicio de O."]
[Black "Arnold, Ken"]
[Result "0-1"]
[Board "36"]
[TimeControl "180+1"]
[WhiteFideId "2104350"]
[BlackFideId "2056836"]
[WhiteElo "2283"]
[BlackElo "2452"]
[WhiteTeam "BRA"]
[BlackTeam "USA"]
[WhiteClock "0:00:28"]
[BlackClock "0:00:57"]

1. e4 c6 2. d4 d5 3. e5 Bf5 4. h4 h5 5. c4 e6 6. Nc3 Ne7 7. Nge2 Bg6 8. Bg5 Qb6 9. Rc1 Nd7 10. Ng3 Nf5 11. Nxf5 Bxf5 12. cxd5 Qxb2 13. dxc6 bxc6 14. Qf3 Bb4 15. Bc4 Bg4 16. Qg3 Nb6 17. Ba6 Nd5 18. Bd2 Nxc3 19. Rxc3 Qb1+ 0-1

[Event "November 21 Late 2023"]
[Site "https://www.chess.com"]
[Date "2023.11.21"]
[Round "11"]
[White "PapaieDudu"]
[Black "Prithu Gupta"]
[Result "0-1"]
[Board "37"]
[TimeControl "180+1"]
[BlackFideId "46618546"]
[WhiteElo "2419"]
[BlackElo "2344"]
[BlackTeam "IND"]
[WhiteClock "0:00:22"]
[BlackClock "0:01:26"]

1. d4 d5 2. c4 c6 3. Nc3 Nf6 4. Nf3 g6 5. Bg5 Bg7 6. e3 O-O 7. Be2 Bg4 8. h3 Bxf3 9. Bxf3 e6 10. O-O Nbd7 11. a4 a5 12. Rc1 Qb6 13. Qe2 dxc4 14. Qxc4 Qb4 15. Qe2 e5 16. Rfd1 exd4 17. Rxd4 Qb6 18. Rcd1 Ne5 19. Bf4 Nxf3+ 20. Qxf3 Nh5 21. R4d2 Nxf4 22. Qxf4 Rfd8 23. Rd7 Rxd7 24. Rxd7 Rf8 25. Ne4 Qxb2 26. Re7 b5 27. Ng5 Qa1+ 28. Kh2 Qxa4 29. e4 Qc4 30. Qc7 Bf6 31. e5 Bxg5 0-1

[Event "November 21 Late 2023"]
[Site "https://www.chess.com"]
[Date "2023.11.21"]
[Round "11"]
[White "Estrategia_vs_Tactica"]
[Black "Musovic, Armin"]
[Result "0-1"]
[Board "38"]
[TimeControl "180+1"]
[BlackFideId "939935"]
[WhiteElo "2374"]
[BlackElo "2322"]
[BlackTeam "MNE"]
[WhiteClock "0:00:19"]
[BlackClock "0:00:58"]

1. d4 d5 2. Nf3 Nf6 3. g3 g6 4. Bg2 Bg7 5. c4 c5 6. O-O O-O 7. dxc5 dxc4 8. Na3 Qc7 9. Nxc4 Rd8 10. Bf4 Rxd1 11. Bxc7 Rxa1 12. Rxa1 Na6 13. Bf4 Nxc5 14. Nfe5 Be6 15. Bxb7 Nxb7 16. b3 Nd5 17. Bd2 Nb6 18. Rc1 Nxc4 19. Nxc4 Rc8 20. Be3 Nd6 21. Nxd6 Rxc1+ 22. Bxc1 exd6 23. Bf4 Be5 24. Be3 a6 25. Bb6 Bc3 26. f4 Bf5 27. Kf2 Bd2 28. e3 Bd3 29. a3 f5 30. Bc7 d5 31. h3 Bc2 32. b4 Bc1 33. Ke2 Bxa3 34. Kd2 Be4 35. Kc3 Kf7 36. g4 fxg4 37. hxg4 h5 38. gxh5 gxh5 39. Bd8 Ke6 40. Kb3 Bc1 41. Ka4 Bxe3 42. Ka5 Bd3 0-1

[Event "November 21 Late 2023"]
[Site "https://www.chess.com"]
[Date "2023.11.21"]
[Round "11"]
[White "Goltsev, Dmitry"]
[Black "Garrido, Denis"]
[Result "0-1"]
[Board "39"]
[TimeControl "180+1"]
[WhiteFideId "24176710"]
[BlackFideId "601217"]
[WhiteElo "2370"]
[BlackElo "2409"]
[WhiteTeam "RUS"]
[BlackTeam "FRA"]
[WhiteClock "0:00:01"]
[BlackClock "0:01:16"]

1. e4 e5 2. Nf3 Nc6 3. Bb5 a6 4. Ba4 Nf6 5. O-O b5 6. Bb3 Bc5 7. Nxe5 Nxe5 8. d4 Bxd4 9. Qxd4 d6 10. c3 O-O 11. Bg5 c5 12. Qd1 h6 13. Bh4 Ng6 14. Bg3 Nxe4 15. Bd5 Nxg3 16. fxg3 Ra7 17. Qd3 Ne5 18. Qe4 Re8 19. Nd2 Be6 20. Rae1 Qg5 21. Nf3 Nxf3+ 22. Rxf3 Rae7 23. Bc6 Bd7 24. h4 Rxe4 25. Rxe4 Qc1+ 26. Rf1 Rxe4 27. Bxe4 Qe3+ 28. Kh2 Qxe4 29. c4 bxc4 30. Rg1 Bc6 31. b4 cxb3 32. a4 b2 33. a5 b1=Q 34. g4 Qxg1+ 35. Kxg1 Qxg2# 0-1

[Event "November 21 Late 2023"]
[Site "https://www.chess.com"]
[Date "2023.11.21"]
[Round "11"]
[White "Ambartsumova, Karina"]
[Black "The_Straightforward_Rook"]
[Result "1-0"]
[Board "40"]
[TimeControl "180+1"]
[WhiteFideId "4166299"]
[WhiteElo "2240"]
[BlackElo "2527"]
[WhiteTeam "RUS"]
[WhiteClock "0:00:10"]
[BlackClock "0:00:00"]

1. d4 Nf6 2. c4 e6 3. Nc3 Bb4 4. Qc2 O-O 5. Nf3 c5 6. a3 Bxc3+ 7. Qxc3 cxd4 8. Nxd4 d5 9. e3 Nc6 10. Nxc6 bxc6 11. Be2 Rb8 12. O-O Ne4 13. Qc2 e5 14. Bd3 f5 15. b4 Be6 16. Bb2 Qc7 17. cxd5 Bxd5 18. Rac1 Rbe8 19. f3 Nf6 20. Bxf5 Qb6 21. Qc3 e4 22. fxe4 Bxe4 23. Bxe4 Rxe4 24. Qxc6 Qxe3+ 25. Kh1 Rh4 26. Bxf6 gxf6 27. Rce1 Qg3 28. h3 Kh8 29. Qf3 Rg8 30. Qxg3 Rxg3 31. Re8+ Kg7 32. Re7+ Kg6 33. Rxa7 Rb3 34. Kh2 Rc4 35. Rf2 Rcc3 36. Ra6 Rxa3 37. Rfxf6+ Kg7 38. Rxa3 Rxa3 39. Rb6 Rb3 40. b5 Rb2 41. Rb7+ Kg8 42. Kg3 Rb3+ 43. Kf4 Rb2 44. g4 Rb4+ 45. Kg5 Rb2 46. b6 Rb1 47. h4 Rb2 48. Kh6 Rb4 49. Rg7+ Kf8 50. Kxh7 Rxb6 51. h5 Rb4 52. g5 Rh4 53. h6 Rd4 54. Rg8+ Kf7 55. g6+ Kf6 56. Rf8+ Ke7 57. g7 1-0

[Event "November 21 Late 2023"]
[Site "https://www.chess.com"]
[Date "2023.11.21"]
[Round "11"]
[White "RodokininEV"]
[Black "Erdogan, Anil Berk"]
[Result "1-0"]
[Board "41"]
[TimeControl "180+1"]
[BlackFideId "6348173"]
[WhiteElo "2523"]
[BlackElo "2007"]
[BlackTeam "TUR"]
[WhiteClock "0:00:24"]
[BlackClock "0:00:26"]

1. d4 Nf6 2. c4 c5 3. d5 e6 4. Nc3 exd5 5. cxd5 d6 6. Bf4 a6 7. a4 g6 8. e3 Bg7 9. Nf3 O-O 10. h3 Ne8 11. Be2 Nd7 12. O-O Qe7 13. Nd2 Rb8 14. Nc4 Ne5 15. Na3 f5 16. Bh2 g5 17. f4 gxf4 18. exf4 Ng6 19. Nc4 b5 20. Na5 Bd7 21. axb5 axb5 22. Nc6 Qe3+ 23. Kh1 Rb7 24. Ra8 Bxc3 25. bxc3 Qxc3 26. Bh5 Nf6 27. Rxf8+ Kxf8 28. Bf3 b4 29. Qb1 b3 30. Rc1 Qd2 31. Rd1 Qc2 32. Qa1 Ne8 33. Qa8 Rc7 34. Qb8 b2 35. Re1 Rc8 36. Qb7 Rc7 37. Qb8 Qd3 38. Qxb2 c4 39. Rc1 Bxc6 40. dxc6 d5 41. Bg1 Rxc6 42. Qb4+ Rd6 43. Bc5 Ke7 44. Bxd6+ Nxd6 45. Re1+ Kd7 46. Qa4+ Kc7 47. Qa5+ Kc6 48. Rd1 Nxf4 49. Rxd3 cxd3 50. Qa4+ Kc5 51. Qxf4 Ne4 52. Bxe4 fxe4 53. Qd2 Kd4 54. Kg1 e3 55. Qb4+ Ke5 56. Kf1 d4 57. Ke1 Ke4 58. Qe7+ Kd5 59. Qf6 Kc4 60. Qc6+ Kb3 61. Qd5+ Kc3 62. Qc5+ Kb2 63. Qxd4+ Kc2 64. Qxe3 h5 65. Qd2+ Kb3 66. Qxd3+ Kb2 67. Qf3 h4 68. Qg4 Kc1 69. Qxh4 Kc2 70. Qe4+ Kc3 71. Qe2 Kb3 72. h4 Kc3 73. h5 Kb3 74. h6 Kb4 75. h7 Ka3 76. g4 Kb3 77. g5 Kb4 78. g6 Ka3 79. Kf2 Kb3 80. Kg2 Kb4 81. g7 Ka3 82. g8=Q Ka4 83. Qg3 Ka5 84. Qee5+ Kb6 85. Qgf4 Kb7 86. Qff6 Kc8 87. Qe8+ Kc7 88. Qee7+ Kc8 89. Qff8# 1-0

[Event "November 21 Late 2023"]
[Site "https://www.chess.com"]
[Date "2023.11.21"]
[Round "11"]
[White "Silva Lucena, Cristian"]
[Black "Zarnicki, Pablo"]
[Result "1/2-1/2"]
[Board "42"]
[TimeControl "180+1"]
[WhiteFideId "2232588"]
[BlackFideId "100137"]
[WhiteElo "2248"]
[BlackElo "2468"]
[WhiteTeam "ESP"]
[BlackTeam "ARG"]
[WhiteClock "0:00:47"]
[BlackClock "0:01:21"]

1. e4 d6 2. d4 Nf6 3. Nc3 c6 4. f4 Qa5 5. Bd2 e5 6. fxe5 dxe5 7. Nd5 Qd8 8. Nxf6+ Qxf6 9. Nf3 exd4 10. Bc4 Be6 11. Bxe6 Qxe6 12. O-O Be7 13. Nxd4 Bc5 14. Bc3 O-O 15. Kh1 Bxd4 16. Qxd4 f6 17. e5 f5 18. Rad1 Na6 19. Qd7 Nc5 20. Qxe6+ Nxe6 21. Rd7 Nc5 22. Re7 Rf7 23. Rxf7 Kxf7 24. Rxf5+ Ke6 25. Rf4 Rd8 26. h4 b5 27. Rg4 g6 28. Rf4 Na4 29. Rf6+ Kd5 30. Rf7 Nxc3 31. bxc3 Kxe5 32. Rxh7 Rd2 33. Rxa7 Rxc2 34. a4 Ra2 35. Rc7 bxa4 36. Rxc6 Kf5 37. Kh2 a3 38. Ra6 Ra1 39. c4 a2 40. c5 Ke5 41. g4 Kf4 42. h5 gxh5 43. gxh5 Rc1 44. Rxa2 Rxc5 45. Ra4+ Kg5 46. Ra8 Kxh5 1/2-1/2

[Event "November 21 Late 2023"]
[Site "https://www.chess.com"]
[Date "2023.11.21"]
[Round "11"]
[White "elmusmolamas"]
[Black "Przybylski, Wojciech"]
[Result "1/2-1/2"]
[Board "43"]
[TimeControl "180+1"]
[BlackFideId "1117599"]
[WhiteElo "2585"]
[BlackElo "2203"]
[BlackTeam "POL"]
[WhiteClock "0:00:07"]
[BlackClock "0:00:06"]

1. e4 c5 2. Nf3 e6 3. g3 Nf6 4. Nc3 Nc6 5. Bg2 d6 6. O-O Be7 7. d4 cxd4 8. Nxd4 Bd7 9. Be3 a6 10. h3 O-O 11. a4 Qc7 12. Qe2 Rfe8 13. Rfd1 Rac8 14. Nxc6 Bxc6 15. Bf4 Nd7 16. Nb5 axb5 17. axb5 Ne5 18. bxc6 bxc6 19. b3 Bf6 20. Ra6 h6 21. Be3 c5 22. Raxd6 Be7 23. Ra6 Nc6 24. e5 Nb4 25. Ra4 Qxe5 26. Qg4 Nxc2 27. Bxh6 Nd4 28. Be3 f5 29. Qg6 Nxb3 30. Bf4 Qf6 31. Qh5 Nd4 32. Re1 g6 33. Qh6 Bf8 34. Bg5 Bxh6 35. Bxf6 Bg7 36. Bxg7 Kxg7 37. f4 Rc7 38. Kf2 Kf6 39. Rc1 Rd8 40. g4 g5 41. gxf5 Kxf5 42. fxg5 Kxg5 43. Ke3 Kf5 44. Be4+ Ke5 45. Ra5 Kd6 46. Ra6+ Ke5 47. Ra5 Rdc8 48. Rc4 Nf5+ 49. Bxf5 exf5 50. h4 Kd5 51. Rc1 Re8+ 52. Kf4 Rh8 53. Kxf5 Rxh4 54. Rd1+ Rd4 55. Rc1 Rd2 56. Kf4 Rd3 57. Kg4 Kd4 58. Kf4 c4 59. Ra8 Rd7 60. Rc8 c3 61. Kf5 Rd5+ 62. Ke6 Re5+ 63. Kf6 Rd5 64. Ke6 Re3+ 65. Kf6 Rf3+ 66. Ke6 Rf2 67. R8xc3 Re2+ 68. Kf6 Rf2+ 69. Kg6 Rg2+ 70. Kf6 Rf2+ 71. Kg6 Rd6+ 72. Kg5 Re6 73. Rc4+ Kd3 74. R1c3+ Ke2 75. Rc2+ Kf1 76. Rxf2+ Kxf2 77. Rf4+ Ke3 78. Rf6 Rxf6 79. Kxf6 1/2-1/2

[Event "November 21 Late 2023"]
[Site "https://www.chess.com"]
[Date "2023.11.21"]
[Round "11"]
[White "Ongut, Tamas Gunes"]
[Black "Janaszak, Dawid"]
[Result "1-0"]
[Board "44"]
[TimeControl "180+1"]
[WhiteFideId "770280"]
[BlackFideId "1119206"]
[WhiteElo "2148"]
[BlackElo "2218"]
[WhiteTeam "HUN"]
[BlackTeam "POL"]
[WhiteClock "0:01:31"]
[BlackClock "0:00:40"]

1. Nf3 c5 2. c4 g6 3. g3 Bg7 4. Bg2 Nc6 5. O-O Nf6 6. Nc3 O-O 7. d4 cxd4 8. Nxd4 Qa5 9. e3 Qc5 10. b3 d6 11. Bb2 Bg4 12. Qd2 Qh5 13. Nxc6 bxc6 14. Bxc6 d5 15. Bxa8 Rxa8 16. f4 dxc4 17. bxc4 Be6 18. Nd5 Bxd5 19. cxd5 Rd8 20. Bxf6 Bxf6 21. Rad1 Qf5 22. Qd3 Qg4 23. e4 h5 24. e5 Bg7 25. Qf3 Qf5 26. Qd3 Qg4 27. Kg2 h4 28. h3 Qc8 29. g4 Qc5 30. Rf2 g5 31. fxg5 Bxe5 32. Qf3 Rf8 33. Qf5 Bg3 34. Re2 Qc4 35. Qd3 Qc7 36. g6 f6 37. Qf5 Bd6 38. Qh5 e5 39. dxe6 Qc6+ 40. Qd5 Qa6 41. e7+ Kg7 42. exf8=Q+ Bxf8 43. Qf7+ 1-0